 Dungeon Crawl Stone Soup version 0.28.0-53-g5a82cb258f (webtiles) character file.

Game seed: 6994812840977352860

74 protoss039 the Digger (level 4, 22/33 HPs)
             Began as a Demonspawn Earth Elementalist on June 2, 2022.
             Got out of the dungeon alive.
             The game lasted 00:03:40 (2902 turns).

protoss039 the Digger (DsEE)                        Turns: 2902, Time: 00:03:40

Health: 22/33      AC:  3    Str:  8    XL:     4   Next: 9%
Magic:  7/7        EV: 11    Int: 18    God:
Gold:   58         SH:  0    Dex: 14    Spells: 5/8 levels left

rFire   + . .      SeeInvis .   d - +2 dagger (speed)
rCold   . . .      Faith    .   (no shield)
rNeg    . . .      Spirit   .   f - +0 leather armour
rPois   .          Reflect  .   (no helmet)
rElec   .          Harm     .   (no cloak)
rCorr   .          Rampage  .   (no gloves)
Will    .....                   (no boots)
Stlth   ++........              (no amulet)
HPRegen 0.11/turn               a - ring of protection from fire
MPRegen 0.10/turn               (no ring)

@: no status effects
A: powered by pain 1, weakness stinger 1
a: no special abilities


You escaped.
You visited 1 branch of the dungeon, and saw 2 of its levels.

You collected 84 gold pieces.
You spent 26 gold pieces at shops.

Inventory:

Hand Weapons
 d - a +2 dagger of speed (weapon)
Missiles
 c - 64 stones
Armour
 f - a +0 leather armour (worn)
Jewellery
 a - a ring of protection from fire (left hand)
Scrolls
 b - 3 scrolls of identify
 g - a scroll of enchant armour {unknown}
 i - a scroll of amnesia {unknown}
Potions
 e - 2 potions of curing {unknown}
 h - a potion of lignification {unknown}
 j - a potion of heal wounds {unknown}


   Skills:
 * Level 2.2 Fighting
 + Level 1.2 Armour
 - Level 1.7 Dodging
 - Level 1.7 Stealth
 + Level 2.5 Spellcasting
 - Level 1.0 Transmutations
 + Level 3.1 Earth Magic


You had 5 spell levels left.
You knew the following spells:

 Your Spells              Type           Power      Damage    Failure   Level
a - Sandblast             Erth           26%        2d8       7%          1
b - Passwall              Tmut/Erth      7%         N/A       16%         2

Your spell library contained the following spells:

 Spells                   Type           Power      Damage    Failure   Level
 Stone Arrow              Conj/Erth      14%        3d7       36%         3
 Petrify                  Tmut/Erth      9%         N/A       71%         4


Dungeon Overview and Level Annotations

Branches:
Dungeon (2/15)

Altars:

Shops:
D:1 *

Annotations:
D:2 Sigmund


Innate Abilities, Weirdness & Mutations

You sometimes gain a little power by taking damage.
You have a small tail.


Message History

Unknown command.
Unknown command.
You closely miss the adder.
The adder is heavily wounded.
The adder bites you but does no damage.
Unknown command.
You hit the adder.
You kill the adder!
You have reached level 4!
You feel agile.
Your demonic ancestry asserts itself...
You grow a small tail.
Unknown command.
Casting: Sandblast (safe; 7% risk of failure)
Confirm with . or Enter, or press ? or * to list all spells.
You don't have enough magic to cast this spell.
Unknown command.
Unknown command.
Casting: Sandblast (safe; 7% risk of failure)
Confirm with . or Enter, or press ? or * to list all spells.
You don't know that spell.
Unknown command.
There is a stone staircase leading up here.
You climb upwards.
There is a stone staircase leading down here.
There is an open door here.
You open the door.
There is an open door here.
Magic restored.
There is an open door here.
There is an open door here.
There is a faded altar of an unknown god here.
There is an open door here.
There is an open door here.
You enter the shallow water.
Moving in this stuff is going to be slow.
There is an open door here.
There is an open door here.
There is a staircase leading out of the dungeon here.
Are you sure you want to leave the Dungeon?
This will make you lose the game!
You have escaped!

#.#........# ##'##
#...# #.#.########
##.## ##### #
#.#.#.....# #...# #
#.#.#.#...# #...# #
#.#.#.#.### #'#'# #
#.#.#.#.# ♣#.#.#♣ #
#.......######.#.####
#
###......##....#....#
# ###.#####.@..#..⌠.#
# #.#####....#....# #
#....#####.#.#### #
###### ♣#.#.#♣ ###
#+#'# ##.## # #...#
#...# # ########
#...# #...# #
.......# #### ##.##
##...# # .##....#
##..####### #...## #


There were no monsters in sight!

Vanquished Creatures
  3 adders (D:2)
  3 worms (D:2)
  A dart slug (D:2)
  4 ball pythons
  5 endoplasms
  A giant cockroach (D:1)
  A hobgoblin (D:1)
  4 kobolds (D:1)
  A quokka (D:1)
  2 bats (D:1)
  2 frilled lizards (D:1)
  2 goblins
  10 rats
39 creatures vanquished.

Vanquished Creatures (others)
  4 plants (D:1)
  13 withered plants (D:1)
17 creatures vanquished.

Grand Total: 56 creatures vanquished

Notes
Turn   | Place    | Note
-------+----------+-------------------------------------------
     0 | D:1      | protoss039 the Demonspawn Earth Elementalist began the
                  | quest for the Orb.
     0 | D:1      | Reached XP level 1. HP: 13/13 MP: 3/3
   275 | D:1      | Reached skill level 1 in Transmutations
   773 | D:1      | Found a faded altar of an unknown god.
   811 | D:1      | Gained mutation: You sometimes gain a little power by
                  | taking damage. [demonic ancestry]
   811 | D:1      | Reached XP level 2. HP: 9/20 MP: 3/5
  1003 | D:1      | Reached skill level 1 in Fighting
  1715 | D:1      | Found Paukhloo's General Store.
  1735 | D:1      | Bought a scroll of identify for 26 gold pieces
  2247 | D:1      | Learned a level 2 spell: Passwall
  2371 | D:2      | Reached XP level 3. HP: 26/26 MP: 6/6
  2379 | D:2      | Reached skill level 3 in Earth Magic
  2383 | D:2      | Reached skill level 1 in Armour
  2584 | D:2      | Noticed Sigmund
  2786 | D:2      | Gained mutation: You have a small tail. [demonic ancestry]
  2786 | D:2      | Reached XP level 4. HP: 9/33 MP: 0/7
  2902 | D:$      | Got out of the dungeon alive.

Illustrated notes

Levels and vault maps discovered:
D:1:      sevenhm_arrival_forest_fort_small_1, layout_loops_corners,
          shapermc_ecumenical_altar_flowoftime, serial_shops, shop
D:2:      layout_basic, minmay_shallow_snake_nest, uniq_sigmund

Skill      XL: |  1  2  3 |
---------------+----------+-----
Transmutations | 1 |  1.0
Fighting       | 1 2 |  2.2
Earth Magic    | 3 |  3.1
Armour         | 1 |  1.2
Dodging        | |  1.7
Stealth        | |  1.7
Spellcasting   | |  2.5

Action                   |  1- 3 |  4- 6 || total
-------------------------+-------+-------++-------
Melee: Dagger            |   134 |       ||   134
       Unarmed           |     7 |       ||     7
 Cast: Sandblast         |    23 |       ||    23
 Stab: Sleeping          |     2 |       ||     2
Armor: Robe              |     8 |       ||     8
       Leather armour    |    17 |       ||    17
Dodge: Dodged            |    56 |       ||    56
